 Dungeon Crawl Stone Soup version 0.31-a0-236-g9a0961fb85 (webtiles) character file.

Game seed: 662079759345078367

65 qw the Shooter (level 3, -5/29 HPs)
             Began as a Minotaur Hexslinger on July 10, 2023.
             Slain by a black bear (6 damage)
             ... on level 4 of the Dungeon.
             The game lasted 00:00:32 (1324 turns).

qw the Shooter (Minotaur Hexslinger)                Turns: 1324, Time: 00:00:34

Health: -5/29      AC:  2    Str: 12    XL:     3   Next: 94%
Magic:  3/3        EV: 12    Int: 10    God:
Gold:   87         SH:  0    Dex: 14    Spells: 3/4 levels left

rFire   + . .        Y - +2 sling
rCold   + . .        (no shield)
rNeg    . . .        c - +0 robe
rPois   .            (helmet restricted)
rElec   .            g - scarf {rC+ rF+}
rCorr   .            (no gloves)
SInv    .            (no boots)
Will    .....        (no amulet)
Stlth   +            (no ring)
HPRegen 0.24/turn    (no ring)
MPRegen 0.08/turn

%: no passive effects
@: no status effects
A: horns 2, retaliatory headbutt
a: no special abilities


You were on level 4 of the Dungeon.
You visited 1 branch of the dungeon, and saw 3 of its levels.

You collected 87 gold pieces.


Innate Abilities, Weirdness & Mutations

You have a pair of horns on your head.
You reflexively headbutt those who attack you in melee.


   Skills:
 - Level 2.0 Fighting
 + Level 4.4 Ranged Weapons
 - Level 2.1 Dodging
 - Level 1.0 Spellcasting
 - Level 2.0 Hexes


You had 3 spell levels left.
You knew the following spells:

 Your Spells              Type           Power      Damage    Failure   Level
a - Slow                  Hex            16%        N/A       16%         1

Your spell library contained the following spells:

 Spells                   Type           Power      Damage    Failure   Level
 Inner Flame              Hex/Fire       2%         N/A       56%         3
 Portal Projectile        Hex/Tloc       4%         N/A       56%         3
 Cause Fear               Hex            2%         N/A       83%         4

Inventory:

Hand Weapons
 Y - a +2 sling (weapon)
Armour
 b - a +0 ring mail
 c - a +0 robe (worn)
 g - a scarf of resistance (worn)
Scrolls
 a - a scroll of identify {unknown}
Potions
 d - a potion of might {unknown}
 j - a potion of cancellation {unknown}

Dungeon Overview and Level Annotations

Branches:
Dungeon (2/15)

Altars:


Message History

The black bear is moderately wounded.
You shoot a sling bullet. The sling bullet hits the black bear!
The black bear is heavily wounded.
You shoot a sling bullet.
The sling bullet completely misses the black bear.
You hear a shout!
The black bear closely misses you. x2; The black bear completely misses you.
A goblin comes into view. It is wielding a +0 club.
You shoot a sling bullet.
The sling bullet closely misses the black bear.
The hobgoblin completely misses you. The black bear misses you.
The black bear barely misses you. The black bear misses you.
You shoot a sling bullet.
The sling bullet barely misses the black bear.
The black bear bites you. The black bear closely misses you.
The black bear misses you. The hobgoblin hits you.
The black bear closely misses you. x2
The black bear claws you but does no damage.
The hobgoblin hits you but does no damage.
You shoot a sling bullet.
The sling bullet closely misses the black bear.
The black bear bites you but does no damage.
The black bear claws you but does no damage.
The black bear barely misses you. The goblin hits you with a +0 club.
The hobgoblin barely misses you.
You shoot a sling bullet. The sling bullet hits the black bear.
The black bear is heavily wounded.
The black bear bites you. The black bear claws you.
The black bear barely misses you. The hobgoblin hits you.
The goblin hits you but does no damage.
You shoot a sling bullet.
The sling bullet barely misses the black bear.
The goblin closely misses you. The black bear bites you.
The black bear claws you.
The black bear claws you but does no damage.
The hobgoblin hits you.
You shoot a sling bullet.
The sling bullet barely misses the black bear.
The hobgoblin hits you. The goblin barely misses you. The black bear bites you.
You die...

7..###.#....#
7..###.###.##
7...>..# #.#
7.>.##.# #.#
77....#.# #.#
7..##.#.# #.#
7..#..#.#.#
#.###...#.#
... ###@g.# .#
#.h.g.....#
............#
####.........#
..........#
...........#
..#.........#
..##..$......#


You could see a black bear, a hobgoblin and a goblin.

Vanquished Creatures
  An adder (D:2)
  A dart slug (D:1)
  4 orcs (D:4)
  9 ball pythons
  2 endoplasms (D:1)
  6 giant cockroaches
  4 goblins
  4 hobgoblins (D:1)
  A quokka (D:1)
  3 bats (D:1)
  3 frilled lizards
  4 kobolds
  2 rats
44 creatures vanquished.

Notes
Turn   | Place    | Note
-------+----------+-------------------------------------------
     0 | D:1      | qw the Minotaur Hexslinger began the quest for the Orb.
     0 | D:1      | Reached XP level 1. HP: 16/16 MP: 1/1
     0 | D:1      | 0 ||| qw: Version: 0.3-a-52-g30416fa
     0 | D:1      | 0 ||| qw: Game counter: 4585
     0 | D:1      | 0 ||| qw: Melee chars always use a shield: true
     0 | D:1      | 0 ||| qw: God list: Okawaru
     0 | D:1      | 0 ||| qw: Allow faded altars: false
     0 | D:1      | 0 ||| qw: Do Orc after clearing Dungeon:15 true
     0 | D:1      | 0 ||| qw: Do second Lair branch before Depths: true
     0 | D:1      | 0 ||| qw: Lair rune preference: random
     0 | D:1      | 0 ||| qw: Goals: Normal
     0 | D:1      | 0 ||| PLANNING D:1-11
    56 | D:1      | 56 ||| FLEEEEING.
    62 | D:1      | 62 ||| FLEEEEING.
    63 | D:1      | 63 ||| FLEEEEING.
    64 | D:1      | 64 ||| FLEEEEING.
    67 | D:1      | Reached skill level 3 in Ranged Weapons
    67 | D:1      | Reached XP level 2. HP: 22/23 MP: 2/2
   613 | D:1      | Reached XP level 3. HP: 28/29 MP: 3/3
   959 | D:1      | 959 ||| UPGRADING to scarf of resistance.
   964 | D:1      | 964 ||| READING scroll labelled SADDEG MICE.
   969 | D:1      | 969 ||| READING scroll labelled LIRAIZ GEYV.
   970 | D:1      | 970 ||| READING scroll labelled YHEM FUTUODICKU.
   971 | D:1      | 971 ||| READING scroll labelled GURUSHE QUES.
   972 | D:1      | 972 ||| DRINKING 2 green potions.
   973 | D:1      | 973 ||| DROPPING scroll of poison.
   974 | D:1      | 974 ||| DROPPING potion of brilliance.
  1186 | D:2      | Reached skill level 4 in Ranged Weapons
  1261 | D:2      | You fall into a shaft and drop 2 floors!
  1315 | D:4      | Noticed a black bear
  1323 | D:4      | HP: 6/29 [hobgoblin (5)]
  1324 | D:4      | HP: 1/29 [hobgoblin (5)]
  1324 | D:4      | Slain by a black bear

Levels and vault maps discovered:
D:1:      dpeg_arrival_boxorama, layout_basic, moated_statue
D:2:      layout_loops_ring
D:4:      layout_rooms, minmay_temple_entry_butterflies, gammafunk_ghost_split,
          serial_forest, infiniplex_forest_straight_3, infiniplex_forest_end_1,
          infiniplex_forest_end_3, infiniplex_forest_zigzag_1, uniq_duvessa

Skill      XL: |  1  2  3 |
---------------+----------+-----
Ranged Weapons | 3 4 |  4.4
Fighting       | 2 |  2.0
Dodging        | |  2.1
Spellcasting   | |  1.0
Hexes          | |  2.0

Action                     || total
---------------------------++-------
   Fire: Sling             ||   132
    Use: Scroll            ||     4
         Potion            ||     1
 Armour: Robe              ||    15
  Dodge: Dodged            ||    45

Table legend:
 A = Non-vault XP
 B = Vault XP
 C = Vault XP percentage of total XP
 D = Non-vault monster count
 E = Vault monster count
 F = Vault count percentage of total count
                 A         B        C        D         E       F
            +---------+---------+-------+---------+---------+-------
      Total |      94 |       0 |   0.0 |      44 |       0 |   0.0
            +---------+---------+-------+---------+---------+-------
        D:1 |      53 |       0 |   0.0 |      29 |       0 |   0.0
        D:2 |      25 |       0 |   0.0 |       9 |       0 |   0.0
        D:4 |      16 |       0 |   0.0 |       6 |       0 |   0.0
            +---------+---------+-------+---------+---------+-------
